 Dungeon Crawl Stone Soup version 0.14-a0-1837-g7fb8695 (webtiles) character file.

287 M4edhros the Sneak (level 5, -9/36 HPs)
             Began as an Octopode Monk on Jan 11, 2014.
             Mangled by an iguana (12 damage)
             ... on Level 5 of the Dungeon.
             The game lasted 00:04:03 (2332 turns).

M4edhros the Sneak (Octopode Monk)                  Turns: 2332, Time: 00:04:04

HP  -9/36        AC  1     Str 11      XL: 5   Next: 79%
MP   5/5         EV 14     Int 13      God:
Gold 87          SH  0     Dex 14      Spells:  1 memorised,  1 level left

rFire  . . .     SeeInvis .     f - +0,+3 orc cutlass
rCold  . . .     Clarity  .     (no shield)
rNeg   . . .     Conserve .     (helmet restricted)
rPois  .         rCorr    .     (no amulet)
rElec  .         rRot     .     (no ring)
SustAb . .       Spirit   .     (no ring)
rMut   .         Warding  .     (no ring)
Saprov . . .     Stasis   .     (no ring)
                                (no ring)
                                (no ring)
                                (no ring)
                                (no ring)

@: confused, mildly poisoned, slightly resistant to hostile enchantments, fairly
stealthy
A: almost no armour, amphibious, 8 rings, constrict 8, camouflage 1, gelatinous
body 1
a: no special abilities


You were on level 5 of the Dungeon.
You were hungry.

You visited 1 branch of the dungeon, and saw 5 of its levels.

You collected 87 gold pieces.

Inventory:

Hand weapons
 f - a +0,+3 orcish cutlass (weapon)
Comestibles
 b - 5 bread rations
 m - a meat ration
Scrolls
 a - 3 scrolls of blinking
 c - a scroll of recharging {unknown}
 d - a scroll of fear {unknown}
 e - a scroll of random uselessness {unknown}
 k - 4 scrolls of remove curse {unknown}
 l - 2 scrolls of magic mapping {unknown}
 n - a scroll of amnesia {unknown}
 o - 2 scrolls of teleportation {unknown}
Jewellery
 i - an uncursed ring of ice {unknown}
Potions
 h - a potion of restore abilities
Books
 q - a book of the Sky

   Spells                             Type                      Level
   *Flight                            Charms/Air                   3
   Airstrike                          Air                          4
   Silence                            Hexes/Air                    5
   Deflect Missiles                   Charms/Air                   6
   Conjure Ball Lightning             Conjuration/Air              6
   Tornado                            Air                          9


   Skills:
 - Level 3.0 Fighting
 + Level 4.2 Dodging
 + Level 5.3 Stealth
 + Level 4.7 Unarmed Combat
 + Level 1.4 Air Magic


You had one spell level left.
You knew the following spells:

 Your Spells              Type           Power        Failure   Level  Hunger
a - Flight                Chrm/Air       #.........   77%         3    ####...


Dungeon Overview and Level Annotations

Branches:
Dungeon (5/16)
 Temple: D:4-7

Altars:
Xom
the Shining One


Innate Abilities, Weirdness & Mutations

You cannot wear most types of armour.
You are amphibious.
You can wear up to eight rings at the same time.
You can use your tentacles to constrict many enemies at once.
Your skin changes colour to match your surroundings (Stlth).
Your rubbery body absorbs attacks (AC +1).


Message History

Really walk into a travel-excluded area?
You are engulfed in noxious fumes.
You choke on the stench!
You are confused.
You are feeling hungry.
There is a shimmering altar of Xom here.
A centaur comes into view.
The centaur wields a bow.
The centaur shoots a poisoned arrow.
The poisoned arrow hits you!
You are poisoned.
* * * LOW HITPOINT WARNING * * *
Drink which item? (? for menu, Esc to quit)
Okay, then.
You're too confused!
You are engulfed in noxious fumes.
You choke on the stench!
You are more confused.
The hound bites you.
* * * LOW HITPOINT WARNING * * *
The iguana is engulfed in noxious fumes.
The iguana appears confused.
The iguana bites you!
You die...

............................#
.................h...###.##.
..#...h..######.####...# #
###....######.#......#.#
.###.#.[................#
........<.).≈≈≈≈≈......)#
.###.##.###≈≈...≈≈.....## ...
#....≈..lh.≈..#...#
#.........≈..@§.≈......#
.........≈..§..≈......
.#+#...≈≈...≈≈...### ..
#....≈≈≈≈≈##.## #........#.
.# ..##.....#.. # ..<......c.
####..# ... #..# ..


You could see a centaur, an iguana (confused) and a hound.

Vanquished Creatures
  A crimson imp (D:5)
  A hound (D:4)
  A worker ant (D:4)
  Jessica (D:2)
  2 adders (D:2)
  A gnoll (D:1)
  A worm (D:2)
  A giant gecko (D:1)
  7 orcs
  A bat skeleton (D:5)
  6 giant cockroaches (D:1)
  2 goblins
  6 hobgoblins
  3 jackals (D:5)
  10 bats
  A giant gecko skeleton (D:5)
  3 giant newts
  A jackal skeleton (D:3)
  8 kobolds
  10 rats
67 creatures vanquished.

Vanquished Creatures (others)
  A bat (D:5)
1 creature vanquished.

Grand Total: 68 creatures vanquished

Notes
Turn   | Place    | Note
--------------------------------------------------------------
     0 | D:1      | M4edhros, the Octopode Monk, began the quest for the Orb.
     0 | D:1      | Reached XP level 1. HP: 16/16 MP: 1/1
    83 | D:1      | Reached XP level 2. HP: 19/21 MP: 2/2
   600 | D:1      | Reached XP level 3. HP: 26/26 MP: 3/3
   933 | D:2      | Noticed Jessica
   944 | D:2      | Killed Jessica
   944 | D:2      | Reached XP level 4. HP: 25/31 MP: 4/4
   983 | D:2      | Found a glowing golden altar of the Shining One.
  1337 | D:4      | Learned a level 3 spell: Flight
  1407 | D:4      | Reached XP level 5. HP: 20/36 MP: 5/5
  1776 | D:4      | Reached skill level 5 in Stealth
  1947 | D:4      | Reached skill level 1 in Air Magic
  2019 | D:5      | Entered Level 5 of the Dungeon
  2026 | D:5      | Found a shimmering altar of Xom.
  2331 | D:5      | Noticed a centaur
  2332 | D:5      | Mangled by an iguana

Action                   |  1- 3 |  4- 6 || total
-------------------------+-------+-------++-------
Melee: Unarmed           |    60 |    76 ||   136
       Cutlass           |       |    11 ||    11
  Use: Potion            |       |     5 ||     5
       Scroll            |       |     1 ||     1
 Stab: Sleeping          |     6 |     6 ||    12
